AoeStats
← HOANG

Hideout

509203875Analyzed
1v1 RM · 5d ago on Sep 25, 2026· 53m 54s· 2 players
Game mode
Random Map
Map size
Tiny (2 player)
Population
200
Speed
Normal
Resources
Standard
Victory
Conquest
Starting age
Dark Age
Ending age
Imperial Age
RankedLock teamsTeams togetherTeam positionsShared explorationLock speedFull tech treeHidden civsTurbo modeCheats
Victory
Defeat
🇲🇽 Armenians · Mexico
1939
+14
🇮🇹 Danes · Italy
1888
-14
SiMpSoN
9:35 Feudal Age
10:41 Loom
17:33 Fletching
21:37 Castle Age
28:16 Bodkin Arrow
30:12 Scale Mail Armor
37:58 Imperial Age
38:39 Double-Bit Axe
42:31 Bracer
46:12 Cranequins
47:20 Thumb Ring
50:11 Ballistics
52:03 Wheelbarrow
53:16 Chemistry
HOANG
8:36 Feudal Age
8:52 Man-at-Arms
9:36 Long Swordsman
10:49 Arson
17:42 Double-Bit Axe
19:42 Wheelbarrow
20:38 Loom
23:27 Castle Age
21:41 Horse Collar
22:31 Fletching
23:46 Padded Archer Armor
24:37 Bow Saw
24:58 Heavy Plow
25:49 Elite Skirmisher
28:36 Gold Mining
28:54 Stone Mining
29:20 Bodkin Arrow
37:26 Imperial Age
37:39 Squires
37:25 Gambesons
37:01 Two-Handed Swordsman
37:43 Scale Mail Armor
37:53 Forging
38:10 Sanctity
38:01 Fervor
37:49 Capped Ram
38:51 Chain Mail Armor
38:07 Champion
41:29 Plate Mail Armor
43:46 Fereters
45:35 Conscription
51:11 Iron Casting
51:13 Bracer
51:29 Leather Archer Armor
51:49 Siege Ram
54:53 Ring Archer Armor
55:24 Blast Furnace
Connection lost

Rejoining the realm…

Still unreachable

The connection could not be restored.

Session expired

The server has moved on; the page needs a fresh start.